cohdb
Replays
Latest Replays
All Replays
Popular Replays
Top Player Replays
Match Explorer
How It Works
Community
CoH3 Stats
Reddit
Sign in to upload your games and track your stats! →
Sign in with Steam
Match 46563893
Unlisted
Match 46563893
Overview
Messages
Build Orders
End
Selects Special Operations Battlegroup
Selects M29 Weasel Recon Vehicle
M29 Weasel Recon Vehicle
Construct Weapon Support Center
Engineer Squad
M1919 Machine Gun Team
M1919 Machine Gun Team
Selects Raiding Flares
Infantry Support Center
M29 Weasel Recon Vehicle
M3 Armored Personnel Carrier
Construct Medical Station
Engineer Squad
Sniper
Selects SSF Commando Squad
SSF Commando Squad
SSF Commando Squad
Bazooka Squad
Selects P-47 Anti-Infantry Loiter
Advanced Logistics
Bazooka Squad
Selects UNKNOWN (2162291)
Selects Assault Operation
Construct Tank Depot
Selects Assault Operation
Engineer Squad
M4A1 Sherman Whizbang
P-47 Anti-Infantry Loiter
M18 Hellcat Tank Destroyer
SSF Commando Squad
rocketpossum
AcrossThePacific
0
0
Comments
sign in to comment!
No comments posted yet!